 Dungeon Crawl Stone Soup version 0.29-a0-878-g7b45a56547 (webtiles) character file.

Game seed: 3598817420032402364

1318 Locuples the Covert (level 8, -2/56 HPs)
             Began as a Demonspawn Brigand on July 20, 2022.
             Slain by a scorpion (5 damage)
             ... on level 5 of the Dungeon.
             The game lasted 00:12:55 (4071 turns).

Locuples the Covert (Demonspawn Brigand)            Turns: 4071, Time: 00:12:55

Health: -2/56      AC:  8    Str: 18    XL:     8   Next: 33%
Magic:  8/8        EV: 11    Int: 13    God:
Gold:   232        SH:  0    Dex: 16    Spells: 7/7 levels left

rFire   . . .      SeeInvis .   i - +1 short sword (venom)
rCold   . . .      Faith    .   (no shield)
rNeg    . . .      Spirit   .   b - +0 robe
rPois   +          Reflect  .   u - +1 hat
rElec   .          Harm     .   c - +0 cloak
rCorr   .          Rampage  .   x - +0 pair of gloves
Will    .....                   g - +2 pair of boots
Stlth   ++++......              (no amulet)
HPRegen 0.18/turn               n - ring of flight
MPRegen 0.11/turn               s - ring "Guyrec" {rPois Str+6}

@: flying
A: antennae 2, foul stench 1, spiny 2, weakness stinger 1
a: no special abilities


You were on level 5 of the Dungeon.
You visited 1 branch of the dungeon, and saw 6 of its levels.

You collected 232 gold pieces.

Inventory:

Hand Weapons
 a - a +2 dagger
 i - a +1 short sword of venom (weapon)
Missiles
 d - 13 poisoned darts (quivered)
 e - 3 curare-tipped darts
Armour
 b - a +0 robe (worn)
 c - a +0 cloak (worn)
 g - a +2 pair of boots (worn)
 u - a +1 hat (worn)
 x - a +0 pair of gloves (worn)
Jewellery
 n - a ring of flight (left hand)
 s - the ring "Guyrec" (right hand) {rPois Str+6}
   (You found it on level 3 of the Dungeon)

   [ring of strength]

   Str:       It affects your strength (+6).
   rPois:     It protects you from poison.
Wands
 t - a wand of flame (29)
Scrolls
 f - 2 scrolls of identify
 h - 2 scrolls of amnesia
 j - 3 scrolls of blinking
 k - a scroll of vulnerability {unknown}
 q - a scroll of immolation {unknown}
 r - 2 scrolls of silence
 w - 2 scrolls of teleportation {unknown}
 y - 4 scrolls of brand weapon {unknown}
Potions
 m - a potion of might {unknown}
 o - a potion of haste {unknown}
 p - a potion of heal wounds {unknown}
 v - a potion of lignification {unknown}
 z - a potion of flight {unknown}


   Skills:
 - Level 2.0 Fighting
 + Level 5.6 Short Blades
 - Level 1.7 Throwing
 - Level 0.8 Dodging
 + Level 9.1 Stealth


You had 7 spell levels left.
You didn't know any spells.
Your spell library contained the following spells:

 Spells                   Type           Power      Damage    Failure   Level
 Freeze                   Ice            0%         1d3       30%         1
 Dazzling Flash           Conj/Hex       0%         N/A       67%         3
 Frozen Ramparts          Ice            0%         1d2       67%         3
 Gell's Gravitas          Tloc           0%         N/A       67%         3
 Ignite Poison            Fire/Tmut/Pois 0%         N/A       67%         3
 Lesser Beckoning         Tloc           0%         N/A       67%         3
 Mephitic Cloud           Conj/Pois/Air  0%         N/A       67%         3
 Teleport Other           Tloc           0%         N/A       67%         3
 Hailstorm                Conj/Ice       0%         3d3       97%         4
 Iskenderun's Mystic Bla  Conj/Tloc      0%         2d3       97%         4
 Freezing Cloud           Conj/Ice/Air   0%         6-21      100%        5
 Dispersal                Tloc           0%         N/A       100%        6
 Starburst                Conj/Fire      0%         6d3       100%        6
 Disjunction              Tloc           0%         N/A       100%        8


Dungeon Overview and Level Annotations

Branches:
Dungeon (6/15)
 Temple: D:4-7

Altars:
Dithmenos

Shops:
D:4 :


Innate Abilities, Weirdness & Mutations

You have a pair of antennae on your head.
You may rarely emit foul miasma when damaged in melee.
You are mostly covered in sharp spines.
You have a small tail.


Message History

You feel better.
The water moccasin is struck by your spines.
You kill the water moccasin!
Your Stealth skill increases to level 9!
The white imp gestures at you. The puff of frost hits you.
The shadow imp shouts, "Go and return not, thou lumpish tickle-brained blabberskite!"
Found 3 boomerangs.
The white imp gestures at you. The puff of frost misses you.
A steam dragon comes into view.
Found a long sword.
The white imp gestures at you. The puff of frost hits you!
* * * LOW HITPOINT WARNING * * *
The scorpion attacks as you move away! The scorpion completely misses you.
The scorpion attacks as you move away! The scorpion barely misses you.
The scorpion attacks as you move away!
The scorpion stings you but does no damage.
The scorpion is struck by your spines. The scorpion barely misses you.
The scorpion attacks as you move away! The scorpion is struck by your spines.
The scorpion closely misses you.
The scorpion stings you but does no damage.
The scorpion attacks as you move away! The scorpion stings you.
* * * LOW HITPOINT WARNING * * *
There is a stone staircase leading up here.
The scorpion closely misses you.
You fly upwards.
There is a stone staircase leading down here.
You closely miss the scorpion.
The scorpion is severely wounded.
The scorpion is struck by your spines. The scorpion stings you.
* * * LOW HITPOINT WARNING * * *
You hit the scorpion but do no damage.
Your tail-slap misses the scorpion.
The scorpion is severely wounded.
The scorpion closely misses you.
You hit the scorpion but do no damage.
The scorpion is poisoned.
The scorpion is severely wounded.
The scorpion stings you.
You die...

#..# ###
##..........[... #.#
#.# #...............
#.#
#.###...............
##.#
#..#................
#.##
#...))..............
#.#
#.....###...........
##.# ##..))##
#........... #..#
##....##
##.......... ####.##
###....@.#
#.......... ...#.#
###......s.#
##........#
.....###..........#
##......#.
.....##......##...#
########.
........)....###..#
........)...## ####
...........##
.....####...####
....## ##......##


You could see a scorpion (very poisoned).

Vanquished Creatures
  Grinder (D:2)
  Sigmund (D:2)
  A water moccasin (D:6)
  An ice beast (D:6)
  A black bear (D:6)
  A centaur (D:5)
  A phantom (D:4)
  A necrophage (D:4)
  2 scorpions
  A hound (D:6)
  A gnoll bouda (D:5)
  Terence (D:2)
  An iguana (D:5)
  2 orc wizards
  8 gnolls
  4 adders
  A shadow imp (D:6)
  An ufetubus (D:6)
  A worm (D:2)
  2 dart slugs
  7 orcs
  3 ball pythons
  10 endoplasms
  3 giant cockroaches
  7 goblins
  4 hobgoblins
  4 kobolds
  A quokka (D:4)
  3 bats
  3 frilled lizards
  4 rats
82 creatures vanquished.

Notes
Turn   | Place    | Note
-------+----------+-------------------------------------------
     0 | D:1      | Locuples the Demonspawn Brigand began the quest for the
                  | Orb.
     0 | D:1      | Reached XP level 1. HP: 16/16 MP: 1/1
   124 | D:1      | Reached skill level 4 in Stealth
   131 | D:1      | Discovered your monstrous ancestry.
   131 | D:1      | Gained mutation: You have a pair of small antennae on your
                  | head. [demonic ancestry]
   131 | D:1      | Reached XP level 2. HP: 22/22 MP: 2/2
   580 | D:2      | Gained mutation: You are partially covered in sharp spines.
                  | [demonic ancestry]
   580 | D:2      | Reached XP level 3. HP: 27/27 MP: 3/3
   903 | D:2      | Identified the +8 spear of the Telling Gods {drain, Drain
                  | +Blink Dex-2 Stlth+}
   958 | D:2      | Noticed Sigmund
   963 | D:2      | Killed Sigmund
   964 | D:2      | Reached skill level 5 in Stealth
   964 | D:2      | Gained mutation: You may rarely emit foul miasma when
                  | damaged in melee. [demonic ancestry]
   964 | D:2      | Reached XP level 4. HP: 33/33 MP: 4/4
   964 | D:2      | Gained mutation: You are mostly covered in sharp spines.
                  | [demonic ancestry]
   964 | D:2      | Reached XP level 5. HP: 38/38 MP: 5/5
   980 | D:2      | Noticed Terence
   985 | D:2      | Killed Terence
   986 | D:2      | Reached skill level 6 in Stealth
  1212 | D:3      | Noticed Grinder
  1221 | D:2      | Killed Grinder
  1222 | D:2      | Reached XP level 6. HP: 33/44 MP: 6/6
  1657 | D:3      | Identified the ring "Guyrec" {rPois Str+6}
  2185 | D:4      | Reached skill level 7 in Stealth
  2185 | D:4      | Gained mutation: You have a pair of antennae on your head.
                  | [demonic ancestry]
  2185 | D:4      | Reached XP level 7. HP: 30/50 MP: 7/7
  2641 | D:4      | Found Lethe's Book Shop.
  3093 | D:5      | Entered Level 5 of the Dungeon
  3263 | D:5      | Reached skill level 8 in Stealth
  3282 | D:5      | Reached skill level 5 in Short Blades
  3852 | D:6      | Gained mutation: You have a small tail. [demonic ancestry]
  3852 | D:6      | Reached XP level 8. HP: 56/56 MP: 8/8
  4043 | D:6      | Found a shadowy altar of Dithmenos.
  4045 | D:6      | Reached skill level 9 in Stealth
  4069 | D:5      | HP: 2/56 [scorpion (2)]
  4071 | D:5      | Slain by a scorpion

Illustrated notes

Levels and vault maps discovered:
D:1:      amcnicky_arrival_single_pillar, layout_rooms
D:2:      layout_loops_cross, minmay_misc_feat_plants, uniq_terence,
          uniq_sigmund
D:3:      layout_basic, minmay_misc_feat_enclosed, uniq_grinder
D:4:      layout_cave_pools, serial_shops, nicolae_shop_crystal,
          minmay_misc_feat_roman
D:5:      layout_cave_pods, amethyst_overflow_temple_binary, uniq_edmund
D:6:      layout_loops_ring, mainiacjoe_overflow_tiny_flanked,
          minmay_temple_entry_enclosed_plants, minmay_ruined_shrine

Skill      XL: |  1  2  3  4  5  6  7  8 |
---------------+-------------------------+-----
Stealth        | 4 5 6 7 8 9 |  9.1
Short Blades   | 2 3 4 5 |  5.6
Fighting       | |  2.0
Throwing       | |  1.7
Dodging        | |  0.8

Action                   |  1- 3 |  4- 6 |  7- 9 || total
-------------------------+-------+-------+-------++-------
Melee: Dagger            |    12 |       |       ||    12
       Short sword       |    35 |    45 |    94 ||   174
       Punch             |       |     1 |     1 ||     2
       Tailslap          |       |       |     3 ||     3
  Use: Scroll            |       |       |     4 ||     4
       Potion            |       |       |     2 ||     2
 Stab: Sleeping          |     8 |     8 |    11 ||    27
Armor: Robe              |    18 |    10 |    50 ||    78
Dodge: Dodged            |    15 |    12 |    69 ||    96

Table legend: (Time is in decaauts)
 A = Elapsed time spent in this place.
 B = Non-inter-level travel time spent in this place.
 C = Inter-level travel time spent in this place.
 D = Time resting spent in this place.
 E = Time spent auto-exploring this place.
 F = Levels seen in this place.
 G = Mean time per level.
                   A        B        C        D        E       F      G
               +--------+--------+--------+--------+--------+-----+--------+
         Total |   4051 |   4047 |      4 |    371 |   2538 |   6 |  675.2 |
       Dungeon |   4051 |   4047 |      4 |    371 |   2538 |   6 |  675.2 |
               +--------+--------+--------+--------+--------+-----+--------+

Top non-repeatable levels by time:
     D:4: 944 daAuts
     D:2: 845 daAuts
     D:3: 816 daAuts
     D:5: 544 daAuts
     D:1: 474 daAuts
     D:6: 426 daAuts
